 Dungeon Crawl Stone Soup version 0.19-a0-1493-gd0fcaa6 (webtiles) character file.

39 PurpleRed the Conjurer (level 3, -1/19 HPs)
             Began as a Deep Elf Conjurer on Sept 9, 2016.
             Slain by a quokka (2 damage)
             ... on level 4 of the Dungeon.
             The game lasted 00:02:38 (348 turns).

PurpleRed the Conjurer (Deep Elf Conjurer)           Turns: 348, Time: 00:02:38

Health: -1/19      AC:  2    Str:  5    XL:     3   Next: 26%
Magic:  7/10       EV: 13    Int: 20    God:
Gold:   61         SH:  0    Dex: 15    Spells: 2 memorised, 7 levels left

rFire  . . .     SeeInvis .     (no weapon)
rCold  . . .     Gourm    .     a - +0 robe
rNeg   . . .     Faith    .     (no shield)
rPois  .         Spirit   .     (no helmet)
rElec  .         Dismiss  .     (no cloak)
rCorr  .         Reflect  .     (no gloves)
MR     .....     Harm     .     (no boots)
Stlth  ++........               (no amulet)
                                (no ring)
                                (no ring)

@: no status effects
A: no striking features
a: no special abilities


You were on level 4 of the Dungeon.
You were not hungry.

You visited 2 branches of the dungeon, and saw 5 of its levels.

You collected 61 gold pieces.

Inventory:

Hand Weapons
 m - a +0 dagger
Armour
 a - a +0 robe (worn)
Scrolls
 e - 2 scrolls of identify {unknown}
 h - a scroll of immolation {unknown}
 k - a scroll of random uselessness {unknown}
 l - a scroll of remove curse {unknown}
 o - a scroll of amnesia {unknown}
Potions
 d - a potion of cancellation {unknown}
 f - a potion of ambrosia {unknown}
 g - a potion of curing {unknown}
 i - a potion of heal wounds {unknown}
 j - a potion of magic {unknown}
 n - a potion of degeneration {unknown}
Books
 b - a book of Conjurations

   Spells                             Type                      Level
   a - Magic Dart                     Conjuration                  1
   b - Searing Ray                    Conjuration                  2
   c - Dazzling Spray                 Conjuration/Hexes            3
   d - Fulminant Prism                Conjuration/Hexes            4
   e - Iskenderun's Mystic Blast      Conjuration                  4
   f - Iskenderun's Battlesphere      Conjuration/Charms           5
Comestibles
 c - 2 bread rations


   Skills:
 - Level 2.4 Dodging
 - Level 2.4 Stealth
 + Level 4.0 Spellcasting
 * Level 5.2 Conjurations


You had 7 spell levels left.
You knew the following spells:

 Your Spells              Type           Power        Failure   Level  Hunger
a - Magic Dart            Conj           ###.         1%          1    None
b - Searing Ray           Conj           ###...       2%          2    #......


Dungeon Overview and Level Annotations

Branches:
Dungeon (4/15)             Temple (1/1) D:4

Altars:
Cheibriados
Fedhas
Hepliaklqana
Makhleb
Okawaru
Qazlal
Sif Muna
Uskayaw
The Shining One

Shops:
D:4 =

Annotations:
D:4 PurpleRed's ghost, weakling DECj


Message History

A jackal comes into view.
A quokka comes into view. 2 jackals come into view.
The quokka bites you.
Found 11 gold pieces and 13 stones.
The quokka twitches its whiskers.
The quokka bites you.
* * * LOW HITPOINT WARNING * * *
Found 7 gold pieces.
PurpleRed's ghost (weakling Deep Elf Conjurer) comes into view.
The jackal barks!
The jackal barks!
The quokka bites you.
* * * LOW HITPOINT WARNING * * *
The quokka closely misses you.
The phantom blinks!
You see here a scroll labeled YTIHAE NONGUA.
o - a scroll labeled YTIHAE NONGUA The quokka bites you.
You die...

....$...... .. ...h...
#.............# #....# .......#
#.............+ +....# W......#
#.............#+#....# .......#
#....................# .....$.#
....................# ......h#
#..................#
.......######.....†............#
...............r@.>............##
##...h.##...............#.#####<.
.......##....r..∩.......#...>..##
.....h.##..hh######.##########.W#
.......##....# #..# #...
.............+ ...# #..#
....(.###....# ##... #..# ......
#....# #...# ...# ...... #....#
##..# ##.#


You could see 2 quokkas and 2 jackals.

Vanquished Creatures
  2 adders
  An ooze (D:1)
  3 giant geckos
  An orc (D:3)
  A hobgoblin (D:3)
  2 bats
  A goblin (D:1)
  A kobold (D:1)
  2 rats (D:1)
14 creatures vanquished.

Notes
Turn   | Place    | Note
-------+----------+-------------------------------------------
     0 | D:1      | PurpleRed the Deep Elf Conjurer began the quest for the Orb.
     0 | D:1      | Reached XP level 1. HP: 10/10 MP: 6/6
    75 | D:2      | Reached XP level 2. HP: 13/15 MP: 0/8
    81 | D:1      | Learned a level 2 spell: Searing Ray
   182 | D:3      | Reached skill level 5 in Conjurations
   217 | D:4      | Found a staircase to the Ecumenical Temple.
   217 | D:4      | Noticed a phantom
   237 | Temple   | Entered the Ecumenical Temple
   312 | D:4      | Found Yddoi's Jewellery Boutique.
   317 | D:4      | Reached XP level 3. HP: 19/19 MP: 5/10
   335 | D:4      | Noticed PurpleRed's ghost (weakling DECj)
   348 | D:4      | Slain by a quokka

Vault maps used:
D:1:      roderic_crossed_star
D:2:      minmay_domino_2, uniq_jessica
D:3:      nicolae_overflow_crystal_walls, ecumenical_altar_2
D:4:      kennysheep_mini, serial_shops, shop
Temple:   compressed_dpeg_triangle_lava_temple

Skill      XL: |  1  2 |
---------------+-------+-----
Conjurations   | 5 |  5.2
Spellcasting   | 4 |  4.0
Dodging        | |  2.4
Stealth        | |  2.4

Action                   || total
-------------------------++-------
 Cast: Magic Dart        ||    21
       Searing Ray       ||     1
Armor: Robe              ||     2
Dodge: Dodged            ||    10
